 Dungeon Crawl Stone Soup version 0.18.1-8-gdd0e5ea (webtiles) character file.

102 lightmor the Insei (level 4, -2/42 HPs)
             Began as a Naga Monk on May 22, 2016.
             Killed from afar by Natasha (5 damage)
             ... with a magic dart
             ... on level 2 of the Dungeon.
             The game lasted 00:03:16 (1917 turns).

lightmor the Insei (Naga Monk)                      Turns: 1917, Time: 00:03:17

Health: -2/42      AC:  2    Str: 14    XL:     4   Next: 77%
Magic:  4/4        EV: 10    Int: 10    God:
Gold:   32         SH:  0    Dex: 14    Spells: 0 memorised, 3 levels left

rFire  . . .     SeeInvis +       - Unarmed
rCold  . . .     Gourm    .     a - +0 robe
rNeg   . . .     Faith    .     (no shield)
rPois  +         Spirit   .     (no helmet)
rElec  .         Dismiss  .     (no cloak)
rCorr  .         Reflect  .     (no gloves)
SustAt .         Harm     .     (no barding)
MR     .....                    (no amulet)
Stlth  ++........               (no ring)
                                (no ring)

@: very slow, not resistant to hostile enchantments, unstealthy
A: see invisible, deformed body, poison resistance, slowness 2, slow metabolism
1, spit poison 2, AC +1
a: Spit Poison


You were on level 2 of the Dungeon.
You were hungry.

You visited 1 branch of the dungeon, and saw 2 of its levels.

You collected 32 gold pieces.

Inventory:

Armour
 a - a +0 robe (worn)
 j - a +0 ring mail
Scrolls
 d - 2 scrolls of blinking
 f - a scroll of recharging {unknown}
 h - a scroll of fog {unknown}
Potions
 g - a potion of haste
Comestibles
 b - 3 bread rations


   Skills:
 - Level 3.0 Fighting
 - Level 2.4 Dodging
 - Level 3.0 Stealth
 * Level 6.0 Unarmed Combat


You had 3 spell levels left.
You didn't know any spells.

Dungeon Overview and Level Annotations

Branches:
Dungeon (2/15)

Altars:

Annotations:
D:2 Natasha


Innate Abilities, Weirdness & Mutations

You cannot wear boots.
Your serpentine skin is tough (AC +1).
You have supernaturally acute eyesight.
Armour fits poorly on your strangely shaped body.
Your system is resistant to poisons.
You cover ground very slowly.
You have a slow metabolism.
You can spit poison.


Message History

You miss Natasha.
Natasha is heavily wounded.
The crimson imp barely misses you.
You completely miss Natasha.
Natasha is heavily wounded.
Natasha claws you.
* * * LOW HITPOINT WARNING * * *
The crimson imp barely misses you.
You closely miss Natasha.
Natasha is heavily wounded.
Natasha barely misses you. The crimson imp hits you.
* * * LOW HITPOINT WARNING * * *
Read which item? (? for menu, Esc to quit)
As you read the scroll labeled BYGEZU PULIGOET, it crumbles to dust.
It is a scroll of identify.
Identify which item? (\ to view known items) (? for menu, Esc to quit)
d - 2 scrolls of blinking Natasha casts a spell at you.
The magic dart hits you!
You die...

.%. ..###
..... #...
##..# ...#
#55# #@.#
.......#h#
....##.#.#
.. #.#.#
..#.#
###.# #.#
#.# #.#


You could see Natasha and 2 crimson imps.

Vanquished Creatures
  Natasha (twice) (D:2)
  An ooze (D:1)
  2 giant geckos (D:1)
  A ball python (D:1)
  2 giant cockroaches (D:1)
  4 goblins
  7 hobgoblins (D:1)
  3 jackals (D:2)
  7 kobolds
  6 bats
  A giant newt (D:1)
  7 rats
43 creatures vanquished.

Notes
Turn   | Place    | Note
--------------------------------------------------------------
     0 | D:1      | lightmor the Naga Monk began the quest for the Orb.
     0 | D:1      | Reached XP level 1. HP: 21/21 MP: 1/1
   419 | D:1      | Reached XP level 2. HP: 23/28 MP: 2/2
   989 | D:1      | Reached XP level 3. HP: 34/34 MP: 3/3
  1127 | D:1      | Reached skill level 5 in Unarmed Combat
  1672 | D:2      | Noticed Natasha
  1692 | D:2      | Killed Natasha
  1692 | D:2      | Reached XP level 4. HP: 6/42 MP: 4/4
  1720 | D:2      | Noticed Natasha
  1735 | D:2      | Killed Natasha
  1735 | D:2      | Reached skill level 6 in Unarmed Combat
  1903 | D:2      | Noticed Natasha
  1917 | D:2      | Killed from afar by Natasha

Skill      XL: |  1  2  3  4 |
---------------+-------------+-----
Unarmed Combat | 5 6 |  6.0
Fighting       | |  3.0
Dodging        | |  2.4
Stealth        | |  3.0

Action                   |  1- 3 |  4- 6 || total
-------------------------+-------+-------++-------
Melee: Unarmed           |   119 |    11 ||   130
       Punch             |     2 |       ||     2
 Abil: Spit Poison       |     5 |     3 ||     8
  Use: Potion            |     2 |       ||     2
       Scroll            |       |     1 ||     1
 Stab: Sleeping          |     6 |       ||     6
  Eat: Chunk             |     2 |       ||     2
Armor: Robe              |    19 |       ||    19
       Skin              |     2 |     6 ||     8
Dodge: Dodged            |    59 |     4 ||    63
